 Dungeon Crawl Stone Soup version 0.23.0-3-gf3c87f2 (webtiles) character file.

Game seed: 9650388957978639282

8455 Kairos the Basher (level 11, -2/87 HPs)
             Began as a Formicid Abyssal Knight on Feb 22, 2019.
             Was a High Priest of Lugonu.
             Slain by a soul eater (10 damage)
             ... summoned by a kobold demonologist
             ... on level 10 of the Dungeon.
             The game lasted 00:14:10 (8404 turns).

Kairos the Basher (Formicid Abyssal Knight)         Turns: 8404, Time: 00:14:11

Health: -2/87      AC: 11    Str: 28    XL:     11   Next: 56%
Magic:  12/12      EV: 13    Int: 17    God:    Lugonu [*****.]
Gold:   784        SH:  5    Dex: 10    Spells: 10/10 levels left

rFire    + . .     SeeInvis +   y - +6 whip of Summertime {freeze, Int+4}
rCold    + + .     Gourm    .   n - +0 buckler
rNeg     . . .     Faith    .   u - +2 ring mail {rC+}
rPois    +         Spirit   .   (helmet unavailable)
rElec    +         Reflect  .   I - +0 cloak
rCorr    +         Harm     .   J - +0 pair of gloves
MR       +....                  (no boots)
Stlth    +.........             r - amulet of regeneration
HPRegen  0.64/turn              L - +4 ring of strength
MPRegen  0.13/turn              D - +5 ring of strength

@: resistant, drained
A: permanent stasis, dig shafts and tunnels, four strong arms, antennae 3
a: Dig, Shaft Self, Depart the Abyss, Bend Space, Banish, Corrupt, Enter the
Abyss, Renounce Religion


You were on level 10 of the Dungeon.
You worshipped Lugonu.
Lugonu was extremely pleased with you.
You were not hungry.

You visited 1 branch of the dungeon, and saw 10 of its levels.
You visited the Abyss 1 time.

You collected 784 gold pieces.

Inventory:

Hand Weapons
 a - a +1 hand axe
 m - a +5 spear
 y - the +6 whip of Summertime (weapon) {freeze, Int+4}
   (You found it on level 5 of the Dungeon)

   It has been specially enchanted to freeze those struck by it, causing extra
   injury to most foes and up to half again as much damage against particularly
   susceptible opponents.
   It can also slow down cold-blooded creatures.
   It affects your intelligence (+4).
 G - a +0 dire flail
 P - a +1 quarterstaff of protection
 Q - a +5 hunting sling
 V - a +2 war axe of flaming
Missiles
 t - 7 poisoned javelins (quivered)
 w - 19 tomahawks
 R - 78 sling bullets
Armour
 n - a +0 buckler (worn)
 u - a +2 ring mail of cold resistance (worn)
 I - a +0 cloak (worn)
 J - a +0 pair of gloves (worn)
Magical Staves
 K - an uncursed staff of poison
 N - an uncursed staff of energy
 S - an uncursed staff of earth
Jewellery
 e - an uncursed ring of protection from fire
 q - an uncursed amulet of the acrobat
 r - an amulet of regeneration (around neck)
 A - an uncursed ring of flight
 D - a +5 ring of strength (right hand)
 L - a +4 ring of strength (left hand)
 O - a +4 ring of dexterity
Wands
 g - a wand of enslavement (1)
 B - a wand of iceblast (22)
 F - a wand of digging (13)
 T - a wand of scattershot (7)
Scrolls
 b - a scroll of enchant armour
 d - 7 scrolls of identify
 f - 3 scrolls of enchant weapon {unknown}
 j - 6 scrolls of remove curse
 k - 2 scrolls of immolation {unknown}
 l - 3 scrolls of teleportation {unknown}
 x - 2 scrolls of fear {unknown}
 H - 2 scrolls of amnesia {unknown}
 M - 2 scrolls of noise {unknown}
Potions
 h - a potion of heal wounds {unknown}
 i - a potion of resistance
 o - 2 potions of lignification {unknown}
 s - 2 potions of haste {unknown}
 v - a potion of degeneration {unknown}
 z - a potion of berserk rage {unknown}
 C - a potion of ambrosia {unknown}
 E - 2 potions of cancellation {unknown}
 U - a potion of brilliance {unknown}
Comestibles
 c - 12 rations


   Skills:
 + Level 8.3(7.6) Fighting
 + Level 2.8(6.8) Axes
 + Level 8.8(8.3) Maces & Flails
 + Level 6.4(6.0) Polearms
 + Level 8.6(7.8) Armour
 + Level 5.3(4.6) Dodging
 + Level 3.4(2.7) Stealth
 + Level 5.9(5.2) Shields
 + Level 2.2(1.6) Invocations


You had 10 spell levels left.
You didn't know any spells.
Your spell library contained the following spells:

 Spells                   Type           Power        Failure   Level  Hunger
 Beastly Appendage        Tmut           #.....       32%         1    ##.....
 Sticks to Snakes         Tmut           #.......     43%         2    ###....
 Spider Form              Tmut/Pois      #.........   67%         3    ####...
 Ice Form                 Ice/Tmut       #.......     97%         4    #####..
 Blade Hands              Tmut           #.........   100%        5    ######.


Dungeon Overview and Level Annotations

Branches:
Dungeon (10/15)            Temple (0/1) D:4
   Lair: D:8-11         Orc: D:9-12

Altars:
Cheibriados
Dithmenos
Elyvilon
Fedhas
Gozag
Hepliaklqana
Kikubaaqudgha
Okawaru
Qazlal
Ru
Sif Muna
Wu Jian
Xom
Yredelemnul
The Shining One
Beogh


Innate Abilities, Weirdness & Mutations

You cannot be hasted, slowed, berserked, paralysed or teleported.
You can dig through walls and to a lower floor.
Your four strong arms can wield two-handed weapons with a shield.
You have a pair of large antennae on your head. (SInv)


Message History

You hit the kobold demonologist but do no damage.
The kobold demonologist is almost dead.
The kobold demonologist mumbles some strange words.
The soul eater hits you.
You hit the kobold demonologist but do no damage.
The kobold demonologist is almost dead.
The orange demon stings you but does no damage.
The kobold demonologist looks braver for a moment.
The soul eater hits you!
* * * LOW HITPOINT WARNING * * *
You feel drained.
* * * LOW HITPOINT WARNING * * *
You miss the kobold demonologist.
The kobold demonologist is almost dead.
The orange demon misses you.
The kobold demonologist barely misses you.
It was a potion of resistance.
You feel protected. The soul eater hits you!
You die...

..##.# # #.##.# ..
#.##.# #..
#.##.######### ..
#.##.#.......#
#.##.#....#####.# .#.
#............##.###
....5####.#....##.......
#.54K@3.##.#.#####.###
##########.#.#####.# #
#.#.......# #
#+########### #....
#.### { #.#.# ###...(
+......


You could see a soul eater, an orange demon, a kobold demonologist, a white imp
and a shadow imp.

Vanquished Creatures
  Erolcha (D:9)
  A two-headed ogre (D:8)
  Erica (D:9)
  Joseph (D:8)
  A hippogriff (D:9)
  A spriggan (D:9)
  Eustachio (D:6)
  A hungry ghost (D:9)
  2 water moccasins
  2 sky beasts
  A black bear (D:7)
  5 ice beasts
  4 orc warriors (D:9)
  3 phantoms
  An eye of draining (D:8)
  2 necrophages
  3 centaurs
  7 ogres
  Blork the orc (D:5)
  2 bullfrogs
  A gnoll sergeant (D:9)
  6 scorpions
  18 killer bees
  5 crimson imps
  A quasit (D:8)
  2 orc priests
  7 hounds
  2 jellies (D:5)
  6 orc wizards
  5 iguanas
  8 worker ants
  3 hound skeletons
  18 adders
  8 gnolls
  3 shadow imps
  A white imp (D:4)
  An ooze (D:7)
  3 adder zombies
  2 adder skeletons (D:5)
  3 dart slugs
  4 worms
  6 leopard geckos
  45 orcs
  A ball python (D:2)
  5 bats
  3 giant cockroaches
  2 gnoll zombies (D:8)
  6 hobgoblins
  16 jackals
  11 kobolds
  3 quokkas
  4 frilled lizards
  6 goblins
  2 goblin zombies (D:4)
  4 hobgoblin zombies (D:4)
  2 kobold skeletons (D:4)
  A kobold zombie (D:4)
  An orc skeleton (D:4)
  A quokka skeleton (D:4)
  17 rats
284 creatures vanquished.

Notes
Turn   | Place    | Note
-------+----------+-------------------------------------------
     0 | Abyss:1  | Kairos the Formicid Abyssal Knight began the quest for the
                  | Orb.
     0 | Abyss:1  | Reached XP level 1. HP: 18/18 MP: 2/2
    33 | Abyss:1  | Noticed an anaconda simulacrum
    41 | Abyss:1  | Noticed a thrashing horror
    71 | Abyss:1  | Noticed a large abomination
    78 | D:1      | Escaped the Abyss
   226 | D:1      | Reached XP level 2. HP: 24/24 MP: 3/3
   282 | D:1      | You fall through a shaft!
   451 | D:1      | Reached * piety under Lugonu
   487 | D:1      | Reached XP level 3. HP: 30/30 MP: 4/4
   720 | D:2      | Reached skill level 1 in Dodging
   741 | D:2      | Reached XP level 4. HP: 37/37 MP: 5/5
   747 | D:2      | Reached skill level 1 in Polearms
   802 | D:2      | Reached ** piety under Lugonu
   821 | D:2      | Found a white marble altar of Elyvilon.
  1043 | D:2      | Reached XP level 5. HP: 33/42 MP: 6/6
  1198 | D:3      | Found a snail-covered altar of Cheibriados.
  1340 | D:3      | Found an ornate altar of the Wu Jian Council.
  1530 | D:4      | Reached XP level 6. HP: 27/49 MP: 7/7
  1534 | D:4      | Reached skill level 1 in Stealth
  1672 | D:4      | Reached *** piety under Lugonu
  1702 | D:4      | Noticed an ogre
  1704 | D:4      | Found a staircase to the Ecumenical Temple.
  1704 | D:4      | Noticed an ogre
  1710 | D:4      | Killed an ogre
  1710 | D:4      | Reached XP level 7. HP: 38/55 MP: 8/8
  1721 | D:4      | HP: 2/55 [ogre/+0 giant club (10)]
  1729 | D:4      | HP: 2/55 [hound (3)]
  2620 | D:4      | Reached skill level 5 in Polearms
  2703 | D:4      | Found a glowing golden altar of the Shining One.
  2755 | D:4      | Reached skill level 5 in Fighting
  2835 | D:5      | Entered Level 5 of the Dungeon
  2835 | D:5      | Found a shadowy altar of Dithmenos.
  2885 | D:5      | Reached XP level 8. HP: 55/62 MP: 9/9
  2927 | D:5      | Got an ichor-stained whip
  2928 | D:5      | Identified the +6 whip of Summertime {freeze, Int+4} (You
                  | found it on level 5 of the Dungeon)
  2978 | D:5      | Found an iron altar of Okawaru.
  3152 | D:5      | Noticed Blork the orc
  3166 | D:5      | Killed Blork the orc
  3245 | D:5      | Reached skill level 1 in Shields
  3270 | D:5      | Reached skill level 1 in Maces & Flails
  3396 | D:5      | Reached **** piety under Lugonu
  3447 | D:5      | Reached skill level 5 in Armour
  3447 | D:5      | Reached XP level 9. HP: 56/69 MP: 10/10
  4148 | D:6      | Found a shimmering altar of Xom.
  4252 | D:6      | Noticed Eustachio
  4329 | D:6      | Killed Eustachio
  4329 | D:6      | Reached skill level 5 in Maces & Flails
  5129 | D:7      | Found a stormy altar of Qazlal.
  5141 | D:7      | Reached XP level 10. HP: 57/77 MP: 11/11
  5539 | D:7      | Reached ***** piety under Lugonu
  5806 | D:7      | Found a deep blue altar of Sif Muna.
  5857 | D:7      | Found a hazy altar of Hepliaklqana.
  6102 | D:8      | Noticed Joseph
  6140 | D:8      | Killed Joseph
  6432 | D:8      | Found an opulent altar of Gozag.
  6525 | D:8      | Found an ancient bone altar of Kikubaaqudgha.
  6579 | D:8      | Found a basalt altar of Yredelemnul.
  6696 | D:8      | Found a sacrificial altar of Ru.
  6813 | D:8      | Noticed a two-headed ogre
  6828 | D:8      | Killed a two-headed ogre
  7452 | D:9      | Reached XP level 11. HP: 84/84 MP: 12/12
  7465 | D:9      | Noticed Erica
  7476 | D:9      | Killed Erica
  7476 | D:9      | Reached skill level 5 in Shields
  7482 | D:9      | Found a blossoming altar of Fedhas.
  7565 | D:9      | Found a roughly hewn altar of Beogh.
  7584 | D:9      | Reached skill level 5 in Dodging
  7995 | D:9      | Noticed Erolcha
  8010 | D:9      | Killed Erolcha
  8170 | D:10     | Entered Level 10 of the Dungeon
  8393 | D:10     | Noticed a soul eater
  8404 | D:10     | Slain by a soul eater

Skill      XL: |  1  2  3  4  5  6  7  8  9 10 11 |
---------------+----------------------------------+-----
Fighting       | 4 5 6 7 8 |  8.3
Dodging        | 1 2 3 4 5 |  5.3
Polearms       | 1 2 4 5 6 |  6.4
Armour         | 3 4 5 6 8 |  8.6
Stealth        | 1 2 3 |  3.4
Shields        | 1 2 4 5 |  5.9
Maces & Flails | 3 5 7 8 |  8.8
Axes           | |  2.8
Invocations    | |  2.2

Action                   |  1- 3 |  4- 6 |  7- 9 | 10-12 || total
-------------------------+-------+-------+-------+-------++-------
Melee: Hand axe          |    32 |       |       |       ||    32
       Spear             |    62 |   167 |   114 |       ||   343
       Whip              |       |       |   360 |   449 ||   809
       War axe           |       |       |       |    23 ||    23
Invok: Depart the Abyss  |     1 |       |       |       ||     1
  Use: Potion            |       |       |     1 |     5 ||     6
       Scroll            |       |       |       |     2 ||     2
  Eat: Chunk             |       |     2 |     9 |     9 ||    20
       Ration            |       |       |     2 |       ||     2
Armor: Scale mail        |    41 |    33 |     7 |       ||    81
       Leather armour    |     2 |       |       |       ||     2
       Ring mail         |       |       |   144 |   147 ||   291
Dodge: Dodged            |    34 |    50 |   195 |   240 ||   519
Block: Buckler           |     3 |    12 |    55 |    97 ||   167
